 Dungeon Crawl Stone Soup version 0.29.1-2-gbd0b4ee654 (webtiles) character file.

Game seed: 6415180172882380456

5261 Sabo the Spear-Bearer (level 10, -3/94 HPs)
             Began as a Gargoyle Berserker on Nov 2, 2022.
             Was an Elder of Trog.
             Slain by an unseen horror simulacrum (19 damage)
             ... on level 7 of the Dungeon.
             The game lasted 00:45:03 (9794 turns).

Sabo the Spear-Bearer (Gargoyle Berserker)          Turns: 9794, Time: 00:45:05

Health: -3/94      AC: 25    Str: 26    XL:     10   Next: 62%
Magic:  19/19      EV: 14    Int:  8    God:    Trog [****..]
Gold:   42         SH:  0    Dex: 17    Spells: 9/9 levels left

rFire   . . .      SeeInvis .   u - +7 halberd of the Destroying Gods {protect, Will+ Str+3}
rCold   . . .      Faith    .   (shield currently unavailable)
rNeg    + . .      Spirit   .   y - +2 robe "Poxzeiw" {rElec MP+9 Slay+2}
rPois   ∞          Reflect  .   m - +0 helmet
rElec   +          Harm     .   a - +2 cloak {Stlth+}
rCorr   .          Rampage  .   v - +0 pair of gloves
Will    ++...                   G - +0 pair of boots
Stlth   ..........              (no amulet)
HPRegen 0.25/turn               A - +6 ring of dexterity
MPRegen 0.16/turn               n - ring of willpower

@: berserking, under a protective aura, very quick
A: sickness immunity, AC +7, negative energy resistance 1, electricity
resistance, torment resistance 1, petrification resistance
a: Renounce Religion, Berserk, Trog's Hand, Brothers in Arms


You were on level 7 of the Dungeon.
You worshipped Trog.
Trog was greatly pleased with you.
You visited 1 branch of the dungeon, and saw 7 of its levels.
You also visited: Sewer.

You collected 375 gold pieces.
You spent 333 gold pieces at shops.

Inventory:

Hand Weapons
 t - a +0 broad axe
 u - the +7 halberd of the Destroying Gods (weapon) {protect, Will+ Str+3}
   (You bought it in a shop on level 3 of the Dungeon)

   It grants its wielder temporary protection when it strikes (+7 to AC).
   Str:       It affects your strength (+3).
   Will:      It increases your willpower.
 w - a +4 quarterstaff of chaos
 F - the +0 longbow "Omuid" {flame, +Blink Str+3 Dex+4}
   (You found it on level 7 of the Dungeon)

   Any ammunition fired from it burns those it strikes, dealing additional fire
   damage.
   Str:       It affects your strength (+3).
   Dex:       It affects your dexterity (+4).
   +Blink:    It lets you blink.
Missiles
 d - 14 poisoned darts
 e - 9 javelins (quivered)
 r - 4 boomerangs
 E - 3 atropa-tipped darts
Armour
 a - a +2 cloak of stealth (worn)
 m - a +0 helmet (worn)
 v - a +0 pair of gloves (worn)
 y - the +2 robe "Poxzeiw" (worn) {rElec MP+9 Slay+2}
   (You found it on level 4 of the Dungeon)

   Slay:      It affects your accuracy & damage with ranged weapons and melee
   (+2).
   rElec:     It insulates you from electricity.
   MP:        It affects your magic capacity (+9).
 G - a +0 pair of boots (worn)
Jewellery
 n - a ring of willpower (right hand)
 A - a +6 ring of dexterity (left hand)
Wands
 p - a wand of quicksilver (11)
 C - a wand of polymorph (10)
 H - a wand of mindburst (4)
Scrolls
 g - a scroll of poison
 h - a scroll of summoning
 j - a scroll of silence
 k - a scroll of magic mapping
 B - 2 scrolls of blinking
 D - a scroll of enchant weapon
Potions
 b - 2 potions of heal wounds
 c - 2 potions of degeneration {unknown}
 f - a potion of might {unknown}
 i - 2 potions of haste {unknown}
 l - a potion of brilliance {unknown}
 o - 2 potions of curing
 q - 2 potions of flight {unknown}
 s - 3 potions of magic {unknown}


   Skills:
 + Level 7.6 Fighting
 + Level 4.5(7.8) Axes
 + Level 10.0(10.4) Polearms
 + Level 3.4 Armour
 + Level 5.2 Dodging
 + Level 5.5 Stealth


You had 9 spell levels left.
You didn't know any spells.
Your spell library was empty.

Dungeon Overview and Level Annotations

Branches:
Dungeon (7/15)             Temple (0/1) D:7           Sewer (visited)

Altars:
Nemelex Xobeh
Okawaru
Ru
Sif Muna
Yredelemnul

Shops:
D:2 (   D:3 *   D:7 [


Innate Abilities, Weirdness & Mutations

You are immune to sickness and miasma.
Your stone body is resilient. (AC +7)
You are immune to poison.
You resist negative energy. (rN+)
You are resistant to electric shocks. (rElec)
You are resistant to unholy torment.
You are immune to petrification.


Message History

The centaur simulacrum barely misses you.
Your Polearms skill increases to level 10!
You slash the centaur zombie!
The centaur zombie is moderately damaged.
The unseen horror simulacrum hits you but does no damage. x2
The centaur zombie hits you but does no damage.
The centaur zombie kicks you but does no damage.
You impale the centaur zombie!!
You destroy the centaur zombie!
Trog accepts your kill. The unseen horror simulacrum hits you.
The unseen horror simulacrum freezes you!
* * * LOW HITPOINT WARNING * * *
The centaur simulacrum hits you but does no damage.
The centaur simulacrum misses you.
The unseen horror simulacrum hits you but does no damage.
You puncture the centaur simulacrum!
You feel the power of Trog in you as your rage grows.
The centaur simulacrum vaporises!
Trog accepts your kill.
The unseen horror simulacrum barely misses you.
Really walk into that cloud of freezing vapour? [Y]es or [N]o only, please.
Really walk into that cloud of freezing vapour?
Okay, then.
You hit the unseen horror simulacrum.
The unseen horror simulacrum is moderately damaged.
The unseen horror simulacrum hits you but does no damage.
The unseen horror simulacrum closely misses you.
You hit the unseen horror simulacrum.
The unseen horror simulacrum is heavily damaged.
The unseen horror simulacrum hits you but does no damage.
The unseen horror simulacrum closely misses you.
You slash the unseen horror simulacrum!
The unseen horror simulacrum is almost destroyed.
The unseen horror simulacrum barely misses you.
The unseen horror simulacrum hits you.
* * * LOW HITPOINT WARNING * * *
The unseen horror simulacrum freezes you!!
You die...

#.#...## #.## #...........#....#
.#.#.#.# #..#########...#...#.###
.#.#.#.# ####..#.#..#.....#..#.##
.#.#.#.## ##..[?.##.........#..
#...#...# #.......#.)........##
#...#...# ##.....##....#.#####
#...#...## #.......#.)).......##
.#.#.#.#.# ###Z'○###<.....)..#..
.#.#.#.#.# #..@.........#..#.##
.#.#.#.#.## #..........#..)#.###
..#...#...# ##...........)#....#
..#.<.#...# #...####'....).###.
..#...#...## #..........#.....##
.#.#.#.#.#.####.............#.#.#
.#.#.#.#.#.#..........#...#..#)##
.#.#.#.#.#.#..........#....#..##.
#...#...####........###.........#


You could see an unseen horror simulacrum.

Vanquished Creatures
  The ghost of witty the Thaumaturge, a novice OpHW (D:7)
  Joseph (D:7)
  Maggie (D:6)
  A spectral unseen horror (D:7)
  An unseen horror (D:7)
  Prince Ribbit (D:6)
  A hornet (D:7)
  Eustachio (D:6)
  2 wyverns (D:7)
  A steam dragon (D:7)
  A water moccasin (D:7)
  3 ice beasts
  A black bear (D:6)
  A sky beast (D:6)
  An orc warrior (D:7)
  2 ogres (D:5)
  A centaur (D:5)
  3 bullfrogs
  A necrophage (D:6)
  5 scorpions
  5 wights (D:6)
  A centaur zombie (D:7)
  4 jellies (D:5)
  4 orc priests
  Crazy Yiuf (D:4)
  A gnoll bouda (D:7)
  3 hounds
  2 iguanas
  5 orc wizards
  A centaur simulacrum (D:7)
  Robin (D:4)
  4 gnolls (D:7)
  11 adders
  A shadow imp (D:6)
  5 white imps
  An ufetubus (D:6)
  2 worms
  A dart slug (D:3)
  19 orcs
  3 bats
  14 endoplasms
  16 giant cockroaches
  10 goblins
  10 hobgoblins
  10 jackals
  9 quokkas
  15 ball pythons
  7 frilled lizards
  6 kobolds
  10 rats
212 creatures vanquished.

Vanquished Creatures (others)
  9 plants
9 creatures vanquished.

Grand Total: 221 creatures vanquished

Notes
Turn   | Place    | Note
-------+----------+-------------------------------------------
     0 | D:1      | Sabo the Gargoyle Berserker began the quest for the Orb.
     0 | D:1      | Reached XP level 1. HP: 14/14 MP: 1/1
   533 | D:1      | Reached XP level 2. HP: 5/19 MP: 2/2
  2159 | D:2      | Reached XP level 3. HP: 20/24 MP: 3/3
  2281 | D:2      | Found Nacireidgh's Weapon Shop.
  2461 | D:2      | Found a faded altar of an unknown god.
  2812 | D:2      | Reached skill level 1 in Stealth
  2812 | D:2      | Reached XP level 4. HP: 29/29 MP: 4/4
  3014 | D:3      | Reached ** piety under Trog
  3480 | D:3      | Found Myif's Assorted Antiques.
  4154 | D:4      | Noticed a scorpion
  4163 | D:4      | Reached XP level 5. HP: 18/33 MP: 5/5
  4585 | D:4      | Found a sparkling altar of Nemelex Xobeh.
  4672 | D:3      | Bought a fine halberd for 189 gold pieces
  4672 | D:3      | Identified the +7 halberd of the Destroying Gods {protect,
                  | Will+ Str+3} (You bought it in a shop on level 3 of the
                  | Dungeon)
  4707 | D:4      | Reached XP level 6. HP: 38/38 MP: 6/6
  4708 | D:4      | Noticed Robin
  4733 | D:4      | Killed Robin
  5142 | D:4      | Found a runed translucent door.
  5143 | D:4      | Noticed Crazy Yiuf
  5148 | D:4      | Killed Crazy Yiuf
  5375 | D:4      | Identified the +2 robe "Poxzeiw" {rElec MP+9 Slay+2}
  5498 | D:5      | Entered Level 5 of the Dungeon
  5505 | D:5      | Reached skill level 1 in Polearms
  5512 | D:5      | Reached *** piety under Trog
  5530 | D:5      | Reached skill level 2 in Polearms
  5530 | D:5      | Reached XP level 7. HP: 35/44 MP: 7/7
  5652 | D:5      | Found a glowing drain.
  5709 | Sewer    | Entered a sewer
  5946 | Sewer    | Reached skill level 3 in Polearms
  6369 | D:5      | Found a large runed translucent door.
  6369 | D:5      | Found a large runed translucent door.
  6378 | D:5      | Reached skill level 4 in Polearms
  6386 | D:5      | Reached **** piety under Trog
  6387 | D:5      | Reached skill level 5 in Fighting
  6387 | D:5      | Reached XP level 8. HP: 47/49 MP: 8/8
  6502 | D:5      | Found an iron altar of Okawaru.
  6517 | D:5      | Found a basalt altar of Yredelemnul.
  6572 | D:5      | Reached skill level 5 in Polearms
  7432 | D:6      | Noticed Eustachio
  7440 | D:6      | Killed Eustachio
  7441 | D:6      | Reached skill level 6 in Polearms
  7648 | D:6      | Reached XP level 9. HP: 55/55 MP: 9/9
  7787 | D:6      | Reached skill level 7 in Polearms
  7962 | D:6      | Noticed Prince Ribbit
  7963 | D:6      | Noticed Maggie
  7972 | D:6      | Killed Prince Ribbit
  7979 | D:6      | Killed Maggie
  7984 | D:6      | Reached skill level 8 in Polearms
  8145 | D:6      | Found a shimmering blue altar of Sif Muna.
  8145 | D:6      | Found a sacrificial altar of Ru.
  8559 | D:7      | Killed an unseen horror
  8722 | D:7      | Identified the +0 longbow "Omuid" {flame, +Blink Str+3
                  | Dex+4}
  8765 | D:7      | Found Foolusag's Antique Armour Shop.
  8803 | D:7      | Bought a pair of boots for 144 gold pieces
  8876 | D:7      | Found a staircase to the Ecumenical Temple.
  8916 | D:7      | Noticed Joseph
  8929 | D:7      | Killed Joseph
  8930 | D:7      | Reached skill level 9 in Polearms
  8930 | D:7      | Reached XP level 10. HP: 42/63 MP: 10/10
  9251 | D:7      | Found a runed translucent gate.
  9251 | D:7      | Found a runed translucent gate.
  9251 | D:7      | Found a runed translucent gate.
  9256 | D:7      | Noticed witty's ghost (novice OpHW)
  9256 | D:7      | Noticed a spectral unseen horror
  9274 | D:7      | Reached skill level 5 in Stealth
  9786 | D:7      | Killed witty's ghost
  9787 | D:7      | Reached skill level 5 in Dodging
  9788 | D:7      | Killed a spectral unseen horror
  9789 | D:7      | Reached skill level 10 in Polearms
  9794 | D:7      | Slain by an unseen horror simulacrum

Illustrated notes

Levels and vault maps discovered:
D:1:      nzn_arrival_depleted_hourglass, layout_basic, serial_bayou_crossing
D:2:      layout_rooms, serial_shops, shop,
          hellmonk_ecumenical_altar_inner_sanctum, grunt_decor_one_mirror,
          columned_hall_lemuel
D:3:      layout_rooms, serial_shops, nicolae_shop_crystal
D:4:      layout_rooms, mainiacjoe_overflow_cross_hatched,
          uniq_crazy_yiuf_cottage, uniq_robin
D:5:      layout_cave_pools, jmf_multi_god_temple2, gup_sewer_entry_pipe,
          fountainhead
D:6:      layout_basic, gammafunk_temple_overflow_wave, uniq_prince_ribbit1,
          uniq_maggie, uniq_eustachio
D:7:      nicolae_BIG_FREAKIN_CUBE, layout_basic, minmay_temple_entry_poolview,
          serial_shops, shop, gammafunk_ghost_necromancy,
          minmay_increasing_density, uniq_joseph

Skill      XL: |  1  2  3  4  5  6  7  8  9 10 |
---------------+-------------------------------+-----
Axes           | 3 4 |  4.5
Dodging        | 2 3 4 5 |  5.2
Stealth        | 1 2 4 5 |  5.5
Fighting       | 4 5 7 |  7.6
Armour         | 3 |  3.4
Polearms       | 2 4 6 9 10 | 10.0

Action                   |  1- 3 |  4- 6 |  7- 9 | 10-12 || total
-------------------------+-------+-------+-------+-------++-------
Melee: Hand axe          |   140 |    85 |       |       ||   225
       Punch             |       |     1 |       |       ||     1
       Halberd           |       |    58 |   232 |    60 ||   350
Invok: Berserk           |       |     2 |       |     2 ||     4
  Use: Scroll            |       |     3 |     4 |     5 ||    12
       Potion            |       |       |     1 |     2 ||     3
 Stab: Sleeping          |     1 |       |     6 |       ||     7
       Distracted        |       |       |     2 |       ||     2
Armor: Animal skin       |    59 |    28 |       |       ||    87
       Ring mail         |       |   116 |       |       ||   116
       Leather armour    |       |     4 |       |       ||     4
       Robe              |       |    16 |   120 |    56 ||   192
Dodge: Dodged            |    87 |   143 |   168 |    54 ||   452
